cohdb
Replays
Latest Replays
All Replays
Popular Replays
Top Player Replays
Match Explorer
How It Works
Community
CoH3 Stats
Reddit
Sign in to upload your games and track your stats! →
Sign in with Steam
Match 42368966
Unlisted
Match 42368966
Overview
Messages
Build Orders
End
Kradschützen Motorcycle Team
Panzerpioneer Squad
Panzerpioneer Squad
Construct Light Support Kompanie
MG34 Team
Construct Mechanized Kompanie
Selects Italian Infantry
Selects Guastatori Squad
Guastatori Squad
Veteran Squad Leaders
Kradschützen Motorcycle Team
Marder III Tank Destroyer
2.5-tonne Medical Truck
Forward Retreat Point
Marder III Tank Destroyer
Marder III Tank Destroyer
Guastatori Squad
给你一枪
伊蕾娜
simranjitsingh713
干死日本鬼子
RAZER
John (mAsi) Vitutus
快乐人民
Atrol
0
0
Comments
sign in to comment!
No comments posted yet!